NCAA
UCLA BRUINS @ XAVIER MUSKETEERS
04/29/2030
 
TOP OF THE 1ST
UCLA Bruins batting - Pitching for Xavier Musketeers : RHP Mark Manning
Pitching: RHP Mark Manning
Batting: RHB Juan Valdéz 0-0: Foul Ball, location: 2F
0-1: Ball
1-1: Swinging Strike
1-2: Strikes out swinging
Batting: RHB Kent Matthews 0-0: Called Strike
0-1: Bunt for hit - play at first, batter OUT! 1-3
Batting: LHB Manny Kennedy 0-0: Fly out, F5 (Popup, 56S)
Top of the 1st over - 0 runs, 0 hits, 0 errors, 0 left on base; UCLA 0 - Xavier 0
BOTTOM OF THE 1ST
Xavier Musketeers batting - Pitching for UCLA Bruins : RHP Joe Byrd
Pitching: RHP Joe Byrd
Batting: RHB Dillon Farley 0-0: Ball
1-0: Called Strike
1-1: Ball
2-1: Ball
3-1: Called Strike
3-2: Strikes out swinging
Batting: RHB Edmund Kline 0-0: Foul Ball, location: 2F
0-1: Ball
1-1: Called Strike
1-2: Ball
2-2: Strikes out swinging
Batting: LHB Bobby Ryan 0-0: Ball
1-0: Swinging Strike
1-1: Ball
2-1: Ball
3-1: Called Strike
3-2: Foul Ball, location: 2F
3-2: SINGLE (Groundball, 6MD)
Batting: SHB Orlando Lópes 0-0: DOUBLE (Line Drive, 9LS)
Bobby Ryan to third
Runner from 3rd tries for Home, SAFE, throw made at trailing runner, OUT at third!
Bottom of the 1st over - 1 run, 2 hits, 0 errors, 0 left on base; UCLA 0 - Xavier 1
TOP OF THE 2ND
UCLA Bruins batting - Pitching for Xavier Musketeers : RHP Mark Manning
Batting: RHB Lance Cherry 0-0: Fly out, F6 (Line Drive, 56D)
Batting: RHB Jorge Pacheco 0-0: Ball
1-0: Ball
2-0: Ground out 6-3 (Groundball, 6)
Batting: RHB Miguel Vargas 0-0: Called Strike
0-1: Foul Ball, location: 2F
0-2: Strikes out swinging
Top of the 2nd over - 0 runs, 0 hits, 0 errors, 0 left on base; UCLA 0 - Xavier 1
BOTTOM OF THE 2ND
Xavier Musketeers batting - Pitching for UCLA Bruins : RHP Joe Byrd
Batting: RHB Floyd Reynolds 0-0: Called Strike
0-1: Ball
1-1: Foul Ball, location: 2F
1-2: Foul Ball, location: 2F
1-2: Foul Ball, location: 2F
1-2: Ball
2-2: Ball
3-2: Strikes out swinging
Batting: RHB Curt Lloyd 0-0: Called Strike
0-1: Ball
1-1: Ball
2-1: Fly out, F8 (Flyball, 8LM)
Batting: LHB Duncan Sharp 0-0: Called Strike
0-1: Foul Ball, location: 2F
0-2: Ball
1-2: SINGLE (Line Drive, 89S)
Batting: RHB Aaron Keller 0-0: Foul Ball, location: 2F
0-1: SINGLE (Line Drive, 89S)
Duncan Sharp to second
Batting: RHB Greg Richards 0-0: Ball
1-0: Foul Ball, location: 2F
1-1: Ball
2-1: Fly out, F8 (Flyball, 8RS)
Bottom of the 2nd over - 0 runs, 2 hits, 0 errors, 2 left on base; UCLA 0 - Xavier 1
TOP OF THE 3RD
UCLA Bruins batting - Pitching for Xavier Musketeers : RHP Mark Manning
Batting: LHB Luis Velázquez 0-0: Called Strike
0-1: Fly out, F8 (Flyball, 8RS)
Batting: LHB Rob Phillips 0-0: Foul Ball, location: 2F
0-1: Ball
1-1: Called Strike
1-2: Strikes out looking
Batting: RHB José Valentín 0-0: Called Strike
0-1: Swinging Strike
0-2: Strikes out swinging
Top of the 3rd over - 0 runs, 0 hits, 0 errors, 0 left on base; UCLA 0 - Xavier 1
BOTTOM OF THE 3RD
Xavier Musketeers batting - Pitching for UCLA Bruins : RHP Joe Byrd
Batting: RHB Dillon Farley 0-0: Ball
1-0: Ball
2-0: Ball
3-0: Base on Balls
Batting: RHB Edmund Kline 0-0: Ball
Dillon Farley steals 2nd base
1-0: Ground out 6-3 (Groundball, 6)
Batting: LHB Bobby Ryan 0-0: DOUBLE (Groundball, 5L)
Dillon Farley scores
Batting: SHB Orlando Lópes 0-0: Ball
1-0: Foul Ball, location: 2F
1-1: Ball
2-1: Ground out U3 (Groundball, 3)
Bobby Ryan to third
Batting: RHB Floyd Reynolds 0-0: Called Strike
0-1: Called Strike
0-2: Strikes out swinging
Bottom of the 3rd over - 1 run, 1 hit, 0 errors, 1 left on base; UCLA 0 - Xavier 2
TOP OF THE 4TH
UCLA Bruins batting - Pitching for Xavier Musketeers : RHP Mark Manning
Batting: RHB Juan Valdéz 0-0: Foul Ball, location: 2F
0-1: Ball
1-1: Ball
2-1: SINGLE (Groundball, 4MD)
Batting: RHB Kent Matthews 0-0: Ball
Juan Valdéz steals 2nd base
1-0: Ground out 6-3 (Groundball, 6)
Juan Valdéz to third
Batting: LHB Manny Kennedy 0-0: Ball
1-0: Foul Ball, location: 2F
1-1: Swinging Strike
1-2: Foul Ball, location: 2F
1-2: Ball
2-2: Foul Ball, location: 2F
2-2: Foul Ball, location: 2F
2-2: Fly out, F5 (Popup, 5L)
Batting: RHB Lance Cherry 0-0: Swinging Strike
0-1: Swinging Strike
0-2: Foul Ball, location: 2F
0-2: Strikes out swinging
Top of the 4th over - 0 runs, 1 hit, 0 errors, 1 left on base; UCLA 0 - Xavier 2
BOTTOM OF THE 4TH
Xavier Musketeers batting - Pitching for UCLA Bruins : RHP Joe Byrd
Batting: RHB Curt Lloyd 0-0: Foul Ball, location: 2F
0-1: Called Strike
0-2: Ball
1-2: Ball
2-2: Ball
3-2: Fly out, F8 (Flyball, 8LS)
Batting: LHB Duncan Sharp 0-0: Ball
1-0: Foul Ball, location: 2F
1-1: Ball
2-1: Called Strike
2-2: SINGLE (Groundball, 56S) (infield hit)
Batting: RHB Aaron Keller 0-0: Swinging Strike
0-1: Fly out, F8 (Flyball, 8RD)
Batting: RHB Greg Richards 0-0: Foul Ball, location: 2F
0-1: Ball
1-1: Ball
2-1: Ball
3-1: Foul Ball, location: 2F
3-2: Strikes out swinging
Bottom of the 4th over - 0 runs, 1 hit, 0 errors, 1 left on base; UCLA 0 - Xavier 2
TOP OF THE 5TH
UCLA Bruins batting - Pitching for Xavier Musketeers : RHP Mark Manning
Batting: RHB Jorge Pacheco 0-0: Ball
1-0: Ball
2-0: Ball
3-0: Base on Balls
Batting: RHB Miguel Vargas 0-0: Swinging Strike
0-1: Ball
1-1: Foul Ball, location: 2F
1-2: Strikes out swinging
Batting: LHB Luis Velázquez 0-0: Called Strike
0-1: Ball
1-1: Called Strike
1-2: Ball
2-2: Strikes out looking
Batting: LHB Rob Phillips 0-0: Fly out, F7 (Flyball, 7LSF)
Top of the 5th over - 0 runs, 0 hits, 0 errors, 1 left on base; UCLA 0 - Xavier 2
BOTTOM OF THE 5TH
Xavier Musketeers batting - Pitching for UCLA Bruins : RHP Joe Byrd
Batting: RHB Dillon Farley 0-0: Foul Ball, location: 2F
0-1: Ball
1-1: Ground out U3 (Groundball, 34S)
Batting: RHB Edmund Kline 0-0: Called Strike
0-1: Called Strike
0-2: Ball
1-2: Ball
2-2: Ball
3-2: Strikes out swinging
Batting: LHB Bobby Ryan 0-0: Foul Ball, location: 2F
0-1: Ball
1-1: Ball
2-1: SINGLE (Line Drive, 8LM)
Pitching: LHP Enrique Estrada
Batting: SHB Orlando Lópes 0-0: Ball
1-0: Ball
2-0: Ball
3-0: Base on Balls
Bobby Ryan to second
Batting: RHB Floyd Reynolds 0-0: Ball
1-0: Called Strike
1-1: Ball
2-1: Foul Ball, location: 2F
2-2: Foul Ball, location: 2F
2-2: Ball
3-2: 3-RUN HOME RUN (Flyball, 9LD), Distance : 348 ft
Batting: RHB Curt Lloyd 0-0: Ball
1-0: Ball
2-0: Called Strike
2-1: Ball
3-1: Foul Ball, location: 2F
3-2: Strikes out looking
Bottom of the 5th over - 3 runs, 2 hits, 0 errors, 0 left on base; UCLA 0 - Xavier 5
TOP OF THE 6TH
UCLA Bruins batting - Pitching for Xavier Musketeers : RHP Mark Manning
Batting: RHB José Valentín 0-0: Ball
1-0: Ball
2-0: Ball
3-0: Called Strike
3-1: Base on Balls
Batting: RHB Juan Valdéz 0-0: Called Strike
0-1: Called Strike
0-2: Foul Ball, location: 2F
0-2: Ball
1-2: Ball
2-2: Ball
3-2: Foul Ball, location: 2F
3-2: Strikes out swinging
Batting: RHB Kent Matthews 0-0: Swinging Strike
0-1: Ball
1-1: Swinging Strike
1-2: Ball
2-2: Foul Ball, location: 2F
2-2: Strikes out swinging
Batting: LHB Manny Kennedy 0-0: Ball
1-0: Ball
2-0: Called Strike
2-1: Ball
3-1: Fly out, F6 (Flyball, 6MD)
Top of the 6th over - 0 runs, 0 hits, 0 errors, 1 left on base; UCLA 0 - Xavier 5
BOTTOM OF THE 6TH
Xavier Musketeers batting - Pitching for UCLA Bruins : LHP Enrique Estrada
Batting: LHB Duncan Sharp 0-0: Ball
1-0: Swinging Strike
1-1: Called Strike
1-2: Strikes out swinging
Batting: RHB Aaron Keller 0-0: Ball
1-0: Called Strike
1-1: Called Strike
1-2: Strikes out swinging
Batting: RHB Greg Richards 0-0: Ball
1-0: SINGLE (Line Drive, 89S)
Batting: RHB Dillon Farley 0-0: Called Strike
0-1: Ball
1-1: Ball
2-1: Called Strike
2-2: Ground out 1-3 (Groundball, 13)
Bottom of the 6th over - 0 runs, 1 hit, 0 errors, 1 left on base; UCLA 0 - Xavier 5
TOP OF THE 7TH
UCLA Bruins batting - Pitching for Xavier Musketeers : RHP Mark Manning
Batting: RHB Lance Cherry 0-0: Ball
1-0: Called Strike
1-1: Called Strike
1-2: Ball
2-2: Ground out 6-3 (Groundball, 6D)
Pitching: RHP Tom Shepherd
Batting: RHB Jorge Pacheco 0-0: Called Strike
0-1: Foul Ball, location: 2F
0-2: Ball
1-2: Fly out, F8 (Flyball, 89D)
Batting: RHB Miguel Vargas 0-0: Fly out, F4 (Line Drive, 34)
Top of the 7th over - 0 runs, 0 hits, 0 errors, 0 left on base; UCLA 0 - Xavier 5
BOTTOM OF THE 7TH
Xavier Musketeers batting - Pitching for UCLA Bruins : LHP Enrique Estrada
Batting: RHB Edmund Kline 0-0: Hit by Pitch
Pinch Runner at 1st Johnny Beach:
Batting: LHB Bobby Ryan 0-0: Ball
1-0: Swinging Strike
1-1: SINGLE (Flyball, 78S)
Johnny Beach to second
Batting: SHB Orlando Lópes 0-0: Ball
1-0: Ball
2-0: Called Strike
2-1: Ball
3-1: Base on Balls
Johnny Beach to third
Bobby Ryan to second
Batting: RHB Floyd Reynolds 0-0: Called Strike
0-1: Ball
1-1: Ball
2-1: GRAND SLAM HOME RUN (Flyball, 7D), Distance : 367 ft
Batting: RHB Curt Lloyd 0-0: Swinging Strike
0-1: Ball
1-1: Ball
2-1: SINGLE (Groundball, 56D)
Batting: LHB Duncan Sharp 0-0: Ball
1-0: Foul Ball, location: 2F
1-1: Ball
2-1: Ball
3-1: Foul Ball, location: 2F
3-2: Base on Balls
Curt Lloyd to second
Batting: RHB Aaron Keller 0-0: Ball
1-0: SINGLE (Groundball, 56D)
Curt Lloyd to third
Duncan Sharp to second
Batting: RHB Greg Richards 0-0: Ball
1-0: Fly out, F8 (Flyball, 8LM)
Runner from 3rd tags up, OUT at HOME
Duncan Sharp to third
Aaron Keller to second
Batting: RHB Dillon Farley 0-0: Ball
1-0: SINGLE (Line Drive, 89M)
Duncan Sharp scores
Aaron Keller to third
Batting: LHB Johnny Beach 0-0: Called Strike
0-1: Ball
1-1: Called Strike
1-2: Ball
2-2: Foul Ball, location: 2F
2-2: Ball
3-2: Fly out, F8 (Line Drive, 78D)
Bottom of the 7th over - 5 runs, 5 hits, 0 errors, 2 left on base; UCLA 0 - Xavier 10
TOP OF THE 8TH
UCLA Bruins batting - Pitching for Xavier Musketeers : RHP Tom Shepherd
Now at 2B: Johnny Beach
Batting: LHB Luis Velázquez 0-0: Ball
1-0: Ground out 4-3 (Groundball, 4)
Batting: LHB Rob Phillips 0-0: Swinging Strike
0-1: Ball
1-1: Ball
2-1: Reached on error, E6 (Groundball, 6)
Batting: RHB José Valentín 0-0: Ball
1-0: Ball
2-0: Ball
3-0: Called Strike
3-1: Base on Balls
Rob Phillips to second
Batting: RHB Juan Valdéz 0-0: Ball
1-0: Fly out, F7 (Line Drive, 78S)
Batting: RHB Kent Matthews 0-0: Ball
1-0: Ball
2-0: Foul Ball, location: 2F
2-1: Ball
3-1: Foul Ball, location: 2F
3-2: Foul Ball, location: 2F
3-2: Hit by Pitch
Rob Phillips to third
José Valentín to second
Batting: LHB Manny Kennedy 0-0: Foul Ball, location: 2F
0-1: Ground out U3 (Groundball, 3)
Top of the 8th over - 0 runs, 0 hits, 1 error, 3 left on base; UCLA 0 - Xavier 10
BOTTOM OF THE 8TH
Xavier Musketeers batting - Pitching for UCLA Bruins : LHP Enrique Estrada
Batting: LHB Bobby Ryan 0-0: Ball
1-0: Ball
2-0: Ball
3-0: Called Strike
3-1: Swinging Strike
3-2: Strikes out looking
Pitching: RHP José Ramírez
Batting: SHB Orlando Lópes 0-0: Ball
1-0: Swinging Strike
1-1: Ball
2-1: Ball
3-1: Called Strike
3-2: Foul Ball, location: 2F
3-2: SOLO HOME RUN (Flyball, 9LD), Distance : 362 ft
Batting: RHB Floyd Reynolds 0-0: Ball
1-0: Swinging Strike
1-1: Ball
2-1: Foul Ball, location: 2F
2-2: Ball
3-2: Foul Ball, location: 2F
3-2: Foul Ball, location: 2F
3-2: Base on Balls
Batting: RHB Curt Lloyd 0-0: Ball
1-0: Ball
2-0: 2-RUN HOME RUN (Flyball, 7LD), Distance : 346 ft
Batting: LHB Duncan Sharp 0-0: Called Strike
0-1: Swinging Strike
0-2: Ball
1-2: Ball
2-2: Ball
3-2: Strikes out looking
Batting: RHB Aaron Keller 0-0: Called Strike
0-1: Foul Ball, location: 2F
0-2: Foul Ball, location: 2F
0-2: Ball
1-2: Foul Ball, location: 2F
1-2: Strikes out looking
Bottom of the 8th over - 3 runs, 2 hits, 0 errors, 0 left on base; UCLA 0 - Xavier 13
TOP OF THE 9TH
UCLA Bruins batting - Pitching for Xavier Musketeers : RHP Tom Shepherd
Pinch Hitting: RHB Kent Bannatyne 0-0: Foul Ball, location: 2F
0-1: Ball
1-1: Called Strike
1-2: Strikes out looking
Batting: RHB Jorge Pacheco 0-0: Called Strike
0-1: Swinging Strike
0-2: Strikes out looking
Batting: RHB Miguel Vargas 0-0: Ball
1-0: Called Strike
1-1: Ball
2-1: Foul Ball, location: 2F
2-2: Strikes out swinging
Top of the 9th over - 0 runs, 0 hits, 0 errors, 0 left on base; UCLA 0 - Xavier 13
Saturday, April 7th, 2018 - OOTP Baseball 18.8 Build 76